 Dungeon Crawl Stone Soup version 0.22-a0-455-ga0624bf62c (webtiles) character file.

39 Kriby the Poker (level 3, -5/27 HPs)
             Began as a Merfolk Skald on June 5, 2018.
             Slain by a scorpion (8 damage)
             ... on level 2 of the Dungeon.
             The game lasted 00:00:54 (1513 turns).

Kriby the Poker (Merfolk Skald)                     Turns: 1513, Time: 00:00:55

Health: -5/27      AC:  3    Str: 12    XL:     3   Next: 45%
Magic:  6/6        EV: 13    Int: 17    God:
Gold:   89         SH:  0    Dex: 13    Spells: 5/6 levels left

rFire    . . .     SeeInvis .   a - +0 spear
rCold    . . .     Gourm    .   (no shield)
rNeg     . . .     Faith    .   b - +0 leather armour
rPois    .         Spirit   .   (no helmet)
rElec    .         Reflect  .   (no cloak)
rCorr    .         Harm     .   (no gloves)
MR       .....                  (no boots)
Stlth    +.........             (no amulet)
HPRegen  0.09/turn              (no ring)
MPRegen  0.10/turn              (no ring)

@: brilliant, lethally poisoned (-5 -> -13), very slightly contaminated,
invisible
A: change form in water, swift swim, stealthy swim
a: no special abilities


You were on level 2 of the Dungeon.
You were not hungry.

You visited 1 branch of the dungeon, and saw 2 of its levels.

You collected 89 gold pieces.

Inventory:

Hand Weapons
 a - a +0 spear (weapon)
Armour
 b - a +0 leather armour (worn)
Jewellery
 c - a cursed amulet of inaccuracy {unknown}
Scrolls
 g - a scroll of fog {unknown}
 i - a scroll of enchant armour {unknown}
Potions
 e - a potion of curing {@q1}
 h - a potion of brilliance
Comestibles
 d - 5 rations {@e1}
 f - a chunk of flesh


   Skills:
 - Level 2.1 Fighting
 * Level 4.8 Polearms
 - Level 0.6 Armour
 + Level 3.6 Dodging
 - Level 2.0 Spellcasting
 - Level 3.2 Charms


You had 5 spell levels left.
You knew the following spells:

 Your Spells              Type           Power        Failure   Level  Hunger
a - Infusion              Chrm           ###.         1%          1    #......

Your spell library contained the following spells:

 Spells                   Type           Power        Failure   Level  Hunger
 Regeneration             Chrm/Necr      ###.......   4%          3    ###....
 Shroud of Golubria       Chrm/Tloc      ###.......   2%          2    ###....
 Song of Slaying          Chrm           ###.....     1%          2    ###....
 Spectral Weapon          Hex/Chrm       ###.....     4%          3    ###....


Dungeon Overview and Level Annotations

Branches:
Dungeon (2/15)

Altars:
Nemelex Xobeh


Message History

The scorpion is heavily wounded.
The scorpion stings you but does no damage.
You closely miss the scorpion.
The scorpion is heavily wounded.
The scorpion stings you!
You are lethally poisoned!
The scorpion poisons you!
You hit the scorpion but do no damage.
The scorpion is heavily wounded.
* * * LOW HITPOINT WARNING * * *
You feel sick. The scorpion stings you.
* * * LOW HITPOINT WARNING * * *
You hit the scorpion.
The scorpion is heavily wounded.
* * * LOW HITPOINT WARNING * * *
You feel sick. The scorpion closely misses you.
You hit the scorpion but do no damage.
The scorpion is heavily wounded.
The scorpion stings you!
You die...

# +## # .
....#############....
##.#.
#......@sa..(... ._.
#.##########.... #.#
#.##### .
#####.####.....##
.................#
##########...#+#..
#..## ...# .###


You could see a scorpion and a worker ant.

Vanquished Creatures
  A worm (D:2)
  2 dart slugs (D:1)
  A leopard gecko (D:1)
  2 ball pythons (D:1)
  3 bats (D:1)
  2 giant cockroaches (D:1)
  6 goblins
  4 hobgoblins
  2 frilled lizards (D:1)
  2 kobolds (D:1)
  4 rats
29 creatures vanquished.

Notes
Turn   | Place    | Note
-------+----------+-------------------------------------------
     0 | D:1      | Kriby the Merfolk Skald began the quest for the Orb.
     0 | D:1      | Reached XP level 1. HP: 16/16 MP: 3/3
   166 | D:1      | Reached XP level 2. HP: 22/22 MP: 5/5
   333 | D:1      | Reached skill level 4 in Polearms
   810 | D:1      | Reached XP level 3. HP: 27/27 MP: 6/6
  1381 | D:2      | Found a sparkling altar of Nemelex Xobeh.
  1485 | D:2      | Noticed a scorpion
  1513 | D:2      | Slain by a scorpion

Vault maps used:
D:1:      dpeg_arrival_solitude
D:2:      cheibrodos_greedy_goblins, lemuel_crystal_altar

Skill      XL: |  1  2 |
---------------+-------+-----
Dodging        | 3 |  3.6
Polearms       | 4 |  4.8
Fighting       | |  2.1
Armour         | |  0.6
Spellcasting   | |  2.0
Charms         | |  3.2

Action                   || total
-------------------------++-------
Melee: Spear             ||   146
  Use: Potion            ||     3
 Stab: Sleeping          ||     1
       Invisible         ||     2
  Eat: Chunk             ||     2
Armor: Leather armour    ||    21
Dodge: Dodged            ||    58

Table legend:
 A = Spawn XP
 B = Non-spawn XP
 C = Spawn XP percentage of total XP
 D = Spawn monster count
 E = Non-spawn monster count
 F = Spawn count percentage of total count
 G = Total turns spent on level
                    A         B        C        D         E        F      G
               +---------+---------+-------+---------+---------+-------+---------
         Total |       0 |      56 |   0.0 |       0 |      29 |   0.0 |  1513
               +---------+---------+-------+---------+---------+-------+---------
           D:1 |       0 |      44 |   0.0 |       0 |      24 |   0.0 |  1307
           D:2 |       0 |      12 |   0.0 |       0 |       5 |   0.0 |   206
               +---------+---------+-------+---------+---------+-------+---------
